 Dungeon Crawl Stone Soup version 0.17.2-1-ge4368a0 (webtiles) character file.

72 Goblin1989 the Stinger (level 4, -1/22 HPs)
             Began as a Vine Stalker Venom Mage on Dec 10, 2016.
             Slain by a worm (2 damage)
             ... on level 2 of the Dungeon.
             The game lasted 00:04:13 (1268 turns).

Goblin1989 the Stinger (Vine Stalker Venom Mage)    Turns: 1268, Time: 00:04:13

Health: -1/22      AC:  5    Str: 11    XL:     4   Next: 25%
Magic:  0/8        EV: 10    Int: 15    God:
Gold:   93         SH:  0    Dex: 15    Spells: 1 memorised, 6 levels left

rFire  . . .     SeeInvis .       - Unarmed
rCold  . . .     Clarity  .     l - +0 ring mail
rNeg   . . .     SustAt   .     (no shield)
rPois  .         Gourm    .     (no helmet)
rElec  .         Spirit   +     (no cloak)
rCorr  +         Warding  .     (no gloves)
rMut   .         Stasis   .     (no boots)
MR     .....                    g - amulet of resist corrosion
Stlth  +.........               (no ring)
                                (no ring)

@: not resistant to hostile enchantments, very unstealthy
A: fangs 2, regeneration 1, magic shield, antimagic bite, no device heal 3, rot
immunity
a: no special abilities


You were on level 2 of the Dungeon.
You were not hungry.

You visited 1 branch of the dungeon, and saw 2 of its levels.

You collected 93 gold pieces.

Inventory:

Armour
 l - a +0 ring mail (worn)
Jewellery
 g - an amulet of resist corrosion (around neck)
Scrolls
 e - a scroll of magic mapping {unknown}
 f - 2 scrolls of identify {unknown}
 i - a scroll of fear {unknown}
 q - 3 scrolls of recharging {unknown}
 r - 2 scrolls of teleportation {unknown}
 s - a scroll of blinking {unknown}
Potions
 a - 2 potions of degeneration {unknown}
 j - a potion of cure mutation {unknown}
 k - a potion of cancellation {unknown}
 m - a potion of agility {unknown}
 o - 2 potions of curing {unknown}
 p - 2 potions of haste {unknown}
Books
 b - a Young Poisoner's Handbook

   Spells                             Type                      Level
   a - Sting                          Conjuration/Poison           1
   b - Cure Poison                    Poison                       2
   c - Mephitic Cloud                 Conjuration/Poison/Air       3
   d - Olgreb's Toxic Radiance        Poison                       4
   e - Venom Bolt                     Conjuration/Poison           5
Comestibles
 c - 2 bread rations {@e1}
 d - 4 fruits
 h - a meat ration {@e2}
 n - a slice of pizza


   Skills:
 + Level 1.3 Fighting
 + Level 1.1 Armour
 - Level 1.5 Dodging
 - Level 2.4 Stealth
 * Level 2.7 Unarmed Combat
 - Level 2.1 Spellcasting
 - Level 4.0 Poison Magic


You had 6 spell levels left.
You knew the following spells:

 Your Spells              Type           Power        Failure   Level  Hunger
a - Sting                 Conj/Pois      #...         24%         1    #......


Dungeon Overview and Level Annotations

Branches:
Dungeon (2/15)

Altars:
Trog

Annotations:
D:2 Sigmund


Innate Abilities, Weirdness & Mutations

You have extremely sharp teeth.
Your natural rate of healing is unusually fast.
When hurt, damage is shared between your health and your magic reserves.
Your bite disrupts and absorbs the magic of your enemies.
Potions and wands cannot restore your health.
You are immune to rotting.


Message History

You barely miss Sigmund.
Sigmund is moderately wounded.
The giant cockroach barely misses you.
You barely miss Sigmund. You bite Sigmund.
Sigmund's magic leaks into the air.
You drain his magic.
You feel invigorated.
Sigmund is moderately wounded.
Sigmund misses you. The worm bites you but does no damage.
The giant cockroach misses you.
You regained 2 mp, and now have 3/8 mp.
You closely miss Sigmund.
Sigmund is moderately wounded.
Sigmund points at you and mumbles some strange words.
The magic dart hits you!
* * * LOW HITPOINT WARNING * * *
The giant cockroach misses you.
You take 2 damage, and have 1/22 hp.
You now have 2/8 mp.
You hit Sigmund but do no damage. Your bite misses Sigmund.
Sigmund is moderately wounded.
The giant cockroach bites you. The worm bites you.
You die... █. █. ██ █ █ █████████████

█ ██████.).........█ █
.................█ █
█████.@@.....[.<.██ █
?.....sw.█........█ █
....⌂..†.████████.██████
.........█ █..██...
?........█ ███████.██...
...%...... .........▲...
....!.......███████.█...
.....██..... █.....
..... █.....█ ██....


You could see Sigmund, a worm and a giant cockroach.

Vanquished Creatures
  Jessica (D:2)
  A gnoll (D:1)
  An adder (D:2)
  A giant gecko (D:2)
  3 bats (D:1)
  A giant cockroach (D:1)
  6 hobgoblins
  5 giant newts
  4 goblins
  7 rats
30 creatures vanquished.

Notes
Turn   | Place    | Note
--------------------------------------------------------------
     0 | D:1      | Goblin1989 the Vine Stalker Venom Mage began the quest for the Orb.
     0 | D:1      | Reached XP level 1. HP: 9/9 MP: 4/4
   284 | D:1      | Reached skill level 1 in Unarmed Combat
   306 | D:1      | Reached XP level 2. HP: 14/14 MP: 6/6
   811 | D:2      | Reached XP level 3. HP: 15/17 MP: 5/7
   855 | D:2      | Noticed Jessica
   867 | D:2      | Killed Jessica
   867 | D:2      | Reached skill level 1 in Fighting
   867 | D:2      | Reached skill level 1 in Armour
   969 | D:2      | Reached XP level 4. HP: 3/22 MP: 8/8
   971 | D:2      | HP: 1/22 [poisoned by an adder]
   976 | D:2      | HP: 1/22 [poisoned by an adder]
   983 | D:2      | HP: 1/22 [poisoned by an adder]
   991 | D:2      | HP: 1/22 [poisoned by an adder]
  1249 | D:2      | Found a bloodstained altar of Trog.
  1252 | D:2      | Noticed Sigmund
  1267 | D:2      | HP: 1/22 [Sigmund/magic dart (2)]
  1268 | D:2      | Slain by a worm

Action                   |  1- 3 |  4- 6 || total
-------------------------+-------+-------++-------
Melee: Unarmed           |   135 |    24 ||   159
 Stab: Sleeping          |     2 |       ||     2
  Eat: Chunk             |       |     1 ||     1

Vault maps used:
D:1:      dpeg_arrival_brainrot, hangedman_abyss_or_decor_lesser_grid
D:2:      bloody_trog, uniq_jessica, uniq_sigmund
